 Dungeon Crawl Stone Soup version 0.30.1-11-g7821555f0a (webtiles) character file.

Game seed: 14895951181996981303

10647 user2938 the Severer (level 11, -12/102 HPs)
             Began as a Hill Orc Fighter on Nov 4, 2023.
             Was an Initiate of Gozag.
             Mangled by a red ugly thing (33 damage)
             ... on level 10 of the Dungeon.
             The game lasted 00:21:47 (13382 turns).

user2938 the Severer (Hill Orc Fighter)            Turns: 13382, Time: 00:21:48

Health: -12/102    AC: 21    Str: 28    XL:     11   Next: 65%
Magic:  20/20      EV:  7    Int:  8    God:    Gozag
Gold:   467        SH:  4    Dex: 10    Spells: 10/10 levels left

rFire   x . .        A - +0 war axe (heavy)
rCold   . . .        c - +0 buckler
rNeg    . . .        M - +7 plate armour of Objectivity {rF- MP+9 Str+4 SInv}
rPois   .            (no helmet)
rElec   .            q - +1 cloak
rCorr   .            (no gloves)
SInv    +            (no boots)
Will    +....        B - amulet of regeneration
Stlth   x              - ring of see invisible
HPRegen 1.17/turn    G - ring of willpower
MPRegen 0.17/turn

%: no passive effects
@: no status effects
A: no striking features
a: Renounce Religion, Potion Petition, Call Merchant, Bribe Branch


You were on level 10 of the Dungeon.
You worshipped Gozag.
Gozag was aware of your devotion.
You visited 2 branches of the dungeon, and saw 11 of its levels.

You collected 1516 gold pieces.
You spent 960 gold pieces at shops.
You paid 89 gold pieces to Gozag.

Inventory:

Hand Weapons
 a - a +0 war axe
 p - a +2 vampiric hand axe
 A - a +0 heavy war axe (weapon)
Missiles
 l - 5 datura-tipped darts
 n - 24 poisoned darts (quivered)
 o - a silver boomerang
 t - 4 silver javelins
Armour
 c - a +0 buckler (worn)
 q - a +1 cloak (worn)
 z - a +0 plate armour
 M - the +7 plate armour of Objectivity (worn) {rF- MP+9 Str+4 SInv}
   (You bought it in a shop on level 7 of the Dungeon)

   Str:       It affects your strength (+4).
   rF:        It makes you vulnerable to fire.
   MP:        It affects your magic capacity (+9).
   SInv:      It lets you see invisible.
Jewellery
 x - a ring of see invisible (left hand)
 B - an amulet of regeneration (around neck)
 C - a ring of positive energy
 G - a ring of willpower (right hand)
Wands
 y - a wand of iceblast (8)
 D - a wand of mindburst (3)
 I - a wand of digging (5)
Scrolls
 e - a scroll of fog
 f - 5 scrolls of teleportation
 g - 3 scrolls of magic mapping
 i - 3 scrolls of vulnerability
 m - 3 scrolls of poison
 r - a scroll of summoning
 s - a scroll of brand weapon
 w - 3 scrolls of enchant weapon
 E - a scroll of enchant armour
 F - a scroll of fear
 K - 3 scrolls of blinking
Potions
 b - a potion of invisibility
 d - 3 potions of might
 h - 3 potions of brilliance
 j - 5 potions of curing
 k - a potion of haste
 u - a potion of flight
 v - a potion of berserk rage
 H - 3 potions of lignification
 J - a potion of resistance
 L - a potion of cancellation


   Skills:
 + Level 11.3 Fighting
 * Level 18.4 Axes
 + Level 1.8 Throwing
 * Level 5.0 Armour
 + Level 1.6 Dodging
 + Level 4.2 Shields
 + Level 2.1 Evocations


You had 10 spell levels left.
You didn't know any spells.
Your spell library contained the following spells:

 Spells                   Type           Power      Damage    Failure   Level
 Summon Small Mammal      Summ           0%         N/A       99%         1
 Lesser Beckoning         Tloc           0%         N/A       100%        2
 Call Canine Familiar     Summ           0%         N/A       100%        3
 Gell's Gravitas          Tloc           0%         N/A       100%        3
 Inner Flame              Hex/Fire       0%         N/A       100%        3
 Ozocubu's Armour         Ice            0%         N/A       100%        3
 Stone Arrow              Conj/Erth      0%         3d7       100%        3
 Summon Guardian Golem    Hex/Summ       0%         N/A       100%        3
 Teleport Other           Tloc           0%         N/A       100%        3
 Vhi's Electric Charge    Tloc/Air       0%         N/A       100%        3
 Animate Armour           Summ/Erth      0%         N/A       100%        4
 Flame Wave               Conj/Fire      0%         2d4       100%        4
 Sticky Flame             Conj/Fire      0%         2d3       100%        4
 Arcjolt                  Conj/Air       0%         1d10      100%        5
 Metabolic Englaciation   Hex/Ice        0%         N/A       100%        5
 Dispersal                Tloc           0%         N/A       100%        6
 Plasma Beam              Fire/Air       0%         2x1d11    100%        6
 Ozocubu's Refrigeration  Ice            0%         4d7       100%        7
 Lehudib's Crystal Spear  Conj/Erth      0%         10d2      100%        8
 Maxwell's Capacitive Co  Air            0%         ∞         100%        8
 Simulacrum               Ice/Necr       Unusable   N/A       N/A         6

Dungeon Overview and Level Annotations

Branches:
Dungeon (10/15)            Temple (1/1) D:6            Lair (0/5) D:9
    Orc (0/2) D:10

Altars:
Ashenzari
Cheibriados
Dithmenos
Elyvilon
Fedhas
Gozag
Hepliaklqana
Kikubaaqudgha
Makhleb
Nemelex Xobeh
Okawaru
Qazlal
Ru
Sif Muna
Trog
Uskayaw
Vehumet
Wu Jian
Xom
The Shining One

Shops:
D:5 =   D:7 [??:((

Annotations:
D:3 1 runed translucent door, Crazy Yiuf
Temple 2 transporters


Message History

Found a staircase to the Orcish Mines.
An acid dragon comes into view.
The acid dragon roars!
A red ugly thing comes into view.
The red ugly thing gurgles horribly!
The acid dragon bites you. The acid dragon closely misses you.
You open the acid dragon like a pillowcase!!!
You kill the acid dragon!
The red ugly thing claws you but does no damage.
You see here 13 gold pieces.
You closely miss the red ugly thing. The red ugly thing claws you.
You are engulfed in flames!!
The fire burns you terribly!
You hit the red ugly thing but do no damage.
The red ugly thing claws you but does no damage.
You hit the red ugly thing.
The red ugly thing is lightly wounded.
The red ugly thing claws you but does no damage.
You hit the red ugly thing.
The red ugly thing is lightly wounded.
The red ugly thing claws you!
You are engulfed in flames!!
The fire burns you terribly!
* * * LOW HITPOINT WARNING * * *
You closely miss the red ugly thing.
The red ugly thing is lightly wounded.
You block the red ugly thing's attack.
You barely miss the red ugly thing.
The red ugly thing is lightly wounded.
The red ugly thing claws you but does no damage.
Unknown command.
You hit the red ugly thing.
The red ugly thing is lightly wounded.
The red ugly thing claws you but does no damage.
Unknown command.
You closely miss the red ugly thing.
The red ugly thing is lightly wounded.
The red ugly thing claws you!
* * * LOW HITPOINT WARNING * * *
You are engulfed in flames!!
The fire burns you terribly!
You die...
Your body crumbles into a pile of gold.

####.........#
...'.#######.# ...
...#.........# ...
...#.........# ..#
...#.........# ...#
#+##.........######...##
........................
...##.........>.........
...##...........@.......
...##............u..###.
...##...............#
............#..........
........................
########################


You could see a red ugly thing.

Vanquished Creatures
  2 two-headed ogres
  An orange crystal statue (D:10)
  Maggie (D:8)
  A komodo dragon (D:9)
  An efreet (D:9)
  4 hornets
  Grinder (D:5)
  Sigmund (D:5)
  A yak (D:6)
  A vampire (D:10)
  3 wyverns
  Eustachio (D:4)
  A basilisk (D:9)
  2 steam dragons (D:8)
  5 vampire mosquitoes
  3 acid dragons
  2 ice beasts
  3 orc warriors
  2 black bears
  2 ogres
  9 centaurs
  4 phantoms
  2 bullfrogs
  Blork the orc (D:4)
  3 kobold brigands
  4 scorpions
  16 wights
  8 killer bees (D:9)
  A howler monkey (D:6)
  An electric eel (D:7)
  8 crimson imps (D:9)
  4 hounds
  A jelly (D:6)
  3 orc priests
  3 iguanas
  12 orc wizards
  4 gnolls (D:5)
  12 adders
  A shadow imp (D:9)
  A white imp (D:6)
  An ufetubus (D:4)
  5 worms
  2 dart slugs
  40 orcs
  4 bats
  4 endoplasms
  12 giant cockroaches
  2 hobgoblins
  8 jackals
  3 quokkas
  6 ball pythons
  A frilled lizard (D:3)
  3 goblins
  16 kobolds
  4 rats
247 creatures vanquished.

Notes
Turn   | Place    | Note
-------+----------+-------------------------------------------
     0 | D:1      | user2938 the Hill Orc Fighter began the quest for the Orb.
     0 | D:1      | Reached XP level 1. HP: 19/19 MP: 1/1
   187 | D:1      | Reached skill level 3 in Axes
   220 | D:1      | Reached XP level 2. HP: 26/26 MP: 2/2
   682 | D:1      | Reached skill level 4 in Axes
   893 | D:2      | Reached XP level 3. HP: 31/31 MP: 3/3
  1013 | D:2      | Reached skill level 5 in Axes
  1198 | D:2      | Reached XP level 4. HP: 39/39 MP: 4/4
  1434 | D:3      | Reached skill level 6 in Axes
  1518 | D:3      | Reached XP level 5. HP: 43/45 MP: 5/5
  1940 | D:3      | Noticed a centaur
  1945 | D:3      | Killed a centaur
  1946 | D:3      | Reached skill level 7 in Axes
  2324 | D:3      | Found a runed translucent door.
  2325 | D:3      | Noticed Crazy Yiuf
  2541 | D:4      | Noticed Blork the orc
  2555 | D:4      | Killed Blork the orc
  2556 | D:4      | Reached skill level 8 in Axes
  2556 | D:4      | Reached XP level 6. HP: 17/51 MP: 6/6
  3292 | D:4      | Noticed Eustachio
  3346 | D:4      | Reached skill level 9 in Axes
  3346 | D:4      | HP: 1/51 [shadow imp/nerve-wracking pain[Eustachio] (7)]
  3644 | D:4      | Reached XP level 7. HP: 57/57 MP: 7/7
  4042 | D:4      | Killed Eustachio
  4043 | D:4      | Reached skill level 10 in Axes
  4524 | D:5      | Entered Level 5 of the Dungeon
  4642 | D:5      | Noticed Sigmund
  4648 | D:5      | Killed Sigmund
  4649 | D:5      | Reached skill level 11 in Axes
  4776 | D:5      | Reached skill level 5 in Fighting
  4776 | D:5      | Reached XP level 8. HP: 61/68 MP: 8/8
  5638 | D:5      | Noticed Grinder
  5645 | D:5      | Killed Grinder
  5750 | D:5      | Found Vicraowai's One-of-a-Kind Rings.
  5878 | D:5      | Found a shimmering blue altar of Sif Muna.
  6021 | D:5      | Found a hide-covered altar of Uskayaw.
  6142 | D:5      | Reached XP level 9. HP: 60/85 MP: 9/9
  6476 | D:6      | Reached skill level 10 in Fighting
  6576 | D:6      | Noticed a hornet
  6743 | D:6      | Paralysed by a hornet for 3 turns
  6747 | D:6      | Killed a hornet
  7205 | D:6      | Reached skill level 12 in Axes
  7232 | D:6      | Found a bloodstained altar of Trog.
  7526 | D:6      | Found a staircase to the Ecumenical Temple.
  7537 | Temple   | Entered the Ecumenical Temple
  7537 | Temple   | Found a transporter.
  7537 | Temple   | Found a transporter.
  7543 | Temple   | Found a transporter.
  7543 | Temple   | Found a transporter.
  7553 | Temple   | Became a worshipper of Gozag Ym Sagoz the Greedy
  8043 | D:7      | Reached skill level 13 in Axes
  8051 | D:7      | Found Sagiethe's Antique Weapon Shoppe.
  8304 | D:7      | Found a sacrificial altar of Ru.
  8305 | D:7      | Found a sparkling altar of Nemelex Xobeh.
  8326 | D:7      | Found Uvynt's Magic Scroll Boutique.
  8328 | D:7      | Found Sairugycs's Magic Scroll Shop.
  8329 | D:7      | Found Upsoyjut's Weapon Emporium.
  8330 | D:7      | Found Ofemubro's Book Emporium.
  8330 | D:7      | Found Dukhuk's Antique Armour Boutique.
  8436 | D:7      | Bought a scroll of noise for 12 gold pieces
  8436 | D:7      | Bought a scroll of identify for 24 gold pieces
  8800 | D:7      | Reached XP level 10. HP: 95/95 MP: 10/10
  8981 | D:7      | Bought a scroll of identify for 24 gold pieces
  8981 | D:7      | Bought a scroll of identify for 24 gold pieces
  8981 | D:7      | Bought a scroll of identify for 24 gold pieces
  8981 | D:7      | Bought a scroll of enchant weapon for 90 gold pieces
  8981 | D:7      | Bought a scroll of teleportation for 36 gold pieces
  8981 | D:7      | Bought a scroll of identify for 24 gold pieces
  8983 | D:7      | Bought a scroll of blinking for 90 gold pieces
  8983 | D:7      | Bought a scroll of identify for 24 gold pieces
  9023 | D:7      | Reached skill level 14 in Axes
  9259 | D:8      | Found a blossoming altar of Fedhas.
  9438 | D:8      | Reached skill level 15 in Axes
  9658 | D:8      | Noticed Maggie
  9667 | D:8      | Killed Maggie
  9866 | D:8      | Noticed a two-headed ogre
  9873 | D:8      | Killed a two-headed ogre
  9874 | D:8      | Reached skill level 16 in Axes
 10507 | D:9      | Reached skill level 17 in Axes
 10889 | D:9      | Reached XP level 11. HP: 47/102 MP: 11/11
 11299 | D:9      | Reached skill level 18 in Axes
 11519 | D:9      | Noticed a two-headed ogre
 11735 | D:9      | Killed a two-headed ogre
 11736 | D:9      | Reached skill level 1 in Evocations
 11944 | D:9      | Reached skill level 1 in Throwing
 12081 | D:9      | Reached skill level 1 in Dodging
 12277 | D:9      | Found a staircase to the Lair.
 12586 | D:7      | Bought a faintly humming plate armour for 588 gold pieces
 12586 | D:7      | Identified the +7 plate armour of Objectivity {rF- MP+9
                  | Str+4 SInv} (You bought it in a shop on level 7 of the
                  | Dungeon)
 12807 | D:10     | Entered Level 10 of the Dungeon
 12886 | D:10     | Noticed an orange crystal statue
 12983 | D:10     | Killed an orange crystal statue
 13229 | D:10     | Found a shadowy altar of Dithmenos.
 13232 | D:10     | Reached skill level 5 in Armour
 13242 | D:10     | Found a broken altar of Ashenzari.
 13364 | D:10     | Found a staircase to the Orcish Mines.
 13371 | D:10     | Noticed a red ugly thing
 13382 | D:10     | Mangled by a red ugly thing

Illustrated notes

Levels and vault maps discovered:
D:1:      dpeg_arrival_renting, layout_basic
D:2:      minmay_roachtagon, layout_rooms, minivault_4
D:3:      layout_basic, roderic_serpentine_path, uniq_crazy_yiuf_cottage
D:4:      layout_gridville, uniq_blork_the_orc, uniq_eustachio
D:5:      layout_loops_ring, kennysheep_orc_sif_temple, marbit_many_paths,
          nicolae_shop_unique_rings, minmay_misc_feat_chi, uniq_grinder,
          uniq_sigmund
D:6:      minmay_recursive_quarters, layout_basic, trog_three_pillars_becter,
          minmay_temple_entry_large_hall
D:7:      layout_basic, chequers_temple_overflow_statue_of_worship,
          serial_aquarium, aquarium_bridge_square [aquarium_subvault_bridge,
          aquarium_subvault_wall, aquarium_subvault_bridge,
          aquarium_subvault_window], aquarium_bridge_island_small
          [aquarium_subvault_small_open, aquarium_subvault_wall,
          aquarium_subvault_bridge, aquarium_subvault_window,
          aquarium_subvault_wall], aquarium_window_1, aquarium_window_fake,
          aquarium_window_fake, aquarium_view_2b, aquarium_view_2e,
          aquarium_balcony_3a, serial_shops, shop, nicolae_wooded_promenade
D:8:      layout_basic, fedhas_altar_1, uniq_maggie
D:9:      kennysheep_blocky_room, layout_basic, david_lair_shrubbed,
          minmay_nine_imps
D:10:     minmay_separated_statues, layout_stronghold,
          yredelemnul_altar_generic, mainiacjoe_overflow_catwalk_spiral,
          orc_0_dummy, uniq_sonja
Temple:   hellmonk_temple_divided_pantheon

Skill      XL: |  1  2  3  4  5  6  7  8  9 10 11 |
---------------+----------------------------------+-----
Axes           | 3 4 5 6 8 9 11 13 17 18 | 18.4
Fighting       | 5 9 11 | 11.3
Evocations     | 2 |  2.1
Throwing       | 1 |  1.8
Armour         | 5 |  5.0
Dodging        | 1 |  1.6
Shields        | 4 |  4.2

Action                     |  1- 3 |  4- 6 |  7- 9 | 10-12 || total
---------------------------+-------+-------+-------+-------++-------
  Melee: War axe           |    83 |   124 |   274 |   254 ||   735
  Throw: Dart              |       |     2 |    12 |    10 ||    24
    Use: Scroll            |       |       |     8 |    12 ||    20
         Potion            |       |       |       |     1 ||     1
   Stab: Distracted        |       |       |       |     1 ||     1
 Armour: Scale mail        |    53 |    68 |    35 |       ||   156
         Chain mail        |       |       |    47 |       ||    47
         Plate armour      |       |       |    75 |   179 ||   254
  Dodge: Dodged            |    45 |    55 |    86 |    98 ||   284
  Block: Buckler           |    23 |    23 |    50 |    63 ||   159
